 Dungeon Crawl Stone Soup version 0.28.0-53-g5a82cb258f (webtiles) character file.

Game seed: 937770340587090242

4708 hawla the Arsonist (level 10, -13/47 HPs)
             Began as a Felid Fire Elementalist on June 6, 2022.
             Was an Elder of Vehumet.
             Mangled by a two-headed ogre
             ... wielding a +0 giant club
              (24 damage)
             ... on level 12 of the Dungeon.
             The game lasted 00:36:42 (14221 turns).

hawla the Arsonist (Felid Fire Elementalist)       Turns: 14221, Time: 00:36:43

Health: -13/47     AC:  2    Str:  6    XL:     10   Next: 22%
Magic:  15/24      EV: 21    Int: 25    God:    Vehumet [****..]
Gold:   1775       SH:  5    Dex: 17    Spells: 17/28 levels left
                                        Lives:  0   Deaths: 3

rFire   + . .      SeeInvis +     - Unarmed
rCold   . . .      Faith    .   (shield unavailable)
rNeg    . . .      Spirit   .   (armour unavailable)
rPois   .          Reflect  +   (helmet unavailable)
rElec   .          Harm     .   (cloak unavailable)
rCorr   .          Rampage  .   (gloves unavailable)
Will    +....                   (boots unavailable)
Stlth   +++.......              b - amulet of reflection
HPRegen 0.15/turn               j - ring of protection from fire
MPRegen 0.19/turn               f - +6 ring of intelligence

@: quick
A: very small, claws 1, fangs 3, see invisible, speed 1, shaggy fur 2, stealthy
paws, no weapons or thrown items, no armour, multi-lived, wild magic 1
a: Renounce Religion


You were on level 12 of the Dungeon.
You worshipped Vehumet.
Vehumet was greatly pleased with you.
You visited 2 branches of the dungeon, and saw 13 of its levels.
You also visited: Ossuary.

You collected 1775 gold pieces.

Inventory:

Jewellery
 b - an amulet of reflection (around neck)
 c - a ring of wizardry
 e - a ring of fire
 f - a +6 ring of intelligence (right paw)
 j - a ring of protection from fire (left paw)
 l - a ring of ice
 m - an amulet of magic regeneration
 v - a +6 ring of strength
Wands
 d - a wand of polymorph (6)
 q - a wand of iceblast (7)
Scrolls
 a - a scroll of holy word
 i - 2 scrolls of amnesia
 s - 4 scrolls of teleportation
 t - a scroll of identify
Potions
 g - 2 potions of haste
 h - 2 potions of degeneration
 k - 2 potions of curing
 n - a potion of brilliance
 o - a potion of mutation
 p - a potion of berserk rage
 r - a potion of cancellation {unknown}
 u - 3 potions of flight


   Skills:
 * Level 7.3 Fighting
 + Level 6.6 Dodging
 - Level 4.5 Stealth
 + Level 1.8 Unarmed Combat
 + Level 9.6 Spellcasting
 + Level 5.6 Conjurations
 + Level 1.3 Translocations
 + Level 10.9 Fire Magic


You had 17 spell levels left.
You knew the following spells:

 Your Spells              Type           Power      Damage    Failure   Level
a - Foxfire               Conj/Fire      100%       2x1d9     1%          1
b - Scorch                Fire           100%       2d10      1%          2
c - Flame Wave            Conj/Fire      62%        2d12      1%          4
d - Iskenderun's Mystic   Conj/Tloc      38%        2d9       4%          4

Your spell library contained the following spells:

 Spells                   Type           Power      Damage    Failure   Level
 Fulminant Prism          Conj/Hex       16%        3d11      6%          4
 Shock                    Conj/Air       100%       1d9       1%          1
 Conjure Flame            Conj/Fire      62%        6-21      1%          3
 Inner Flame              Hex/Fire       50%        N/A       1%          3
 Mephitic Cloud           Conj/Pois/Air  27%        N/A       3%          3
 Airstrike                Air            7%         N/A       17%         4
 Ozocubu's Armour         Ice            15%        N/A       22%         3
 Summon Guardian Golem    Hex/Summ       15%        N/A       22%         3
 Swiftness                Air            15%        N/A       22%         3
 Orb of Destruction       Conj           25%        9d9       75%         7
 Spellforged Servitor     Conj/Summ      16%        N/A       97%         7
 Ozocubu's Refrigeration  Ice            7%         4d6       100%        7
 Disjunction              Tloc           12%        N/A       100%        8
 Chain Lightning          Conj/Air       16%        3d22      100%        9


Dungeon Overview and Level Annotations

Branches:
Dungeon (12/15)            Temple (1/1) D:4            Lair (0/6) D:9
    Orc (0/2) D:9         Ossuary (visited)

Altars:
Ashenzari
Cheibriados
Dithmenos
Elyvilon
Fedhas
Gozag
Hepliaklqana
Kikubaaqudgha
Makhleb
Nemelex Xobeh
Okawaru
Qazlal
Ru
Sif Muna
Trog
Uskayaw
Vehumet
Wu Jian
Xom
Yredelemnul
Zin
The Shining One

Shops:
D:2 [   D:3 *

Annotations:
D:11 1 runed translucent door, enile's ghost, journeyman KoBr


Innate Abilities, Weirdness & Mutations

You have sharp claws.
You have razor-sharp teeth.
You have supernaturally acute eyesight. (SInv)
You cover ground quickly. (Speed+)
You are covered in thick fur. (AC +2)
Your paws help you pounce on unaware monsters.
You are incapable of wielding weapons or throwing items.
You cannot wear armour.
You gain extra lives every three experience levels.
Your spells are a little harder to cast, but a little more powerful.


Message History

Found a ring of ice.
A two-headed ogre comes into view. It is wielding two +0 giant clubs.
Unknown command.
An ice devil comes into view.
Found a plate armour.
The two-headed ogre shouts in stereo!
Casting: Iskenderun's Mystic Blast (dangerous; 4% risk of failure)
Confirm with . or Enter, or press ? or * to list all spells.
Flames lash the two-headed ogre.
The two-headed ogre is moderately wounded.
The two-headed ogre's fire resistance burns away.
Casting: Scorch (safe; 1% risk of failure)
Confirm with . or Enter, or press ? or * to list all spells.
Flames lash the ice devil.
The ice devil is burned terribly!
The ice devil is lightly wounded.
The ice devil's fire resistance burns away.
Casting: Scorch (safe; 1% risk of failure)
Confirm with . or Enter, or press ? or * to list all spells.
Casting: Flame Wave (dangerous; 1% risk of failure)
Press: ? - help, Dir - look around, f - activate A wave of flame ripples out!
The flame wave engulfs the two-headed ogre!!
The two-headed ogre is burned terribly!
The two-headed ogre is severely wounded. (Press . to intensify the flame waves.)
You hear a shout! x2
The two-headed ogre hits you with a +0 giant club!!
The two-headed ogre hits you with a +0 giant club!
* * * LOW HITPOINT WARNING * * *
Okay, then.
A wave of flame ripples out!
The flame wave engulfs the two-headed ogre!!
The two-headed ogre is burned terribly!
The two-headed ogre is almost dead.
The flame wave engulfs the ice devil!
The ice devil is burned terribly!
The ice devil is heavily wounded.
You hear a shout! x3
The two-headed ogre hits you with a +0 giant club!!
Ouch! That really hurt!
You die...

#.......#.# ..[
##.......... ...
#.......[#.# .=
###........# .#
##.####### ##.## #.# #4..
#.# ##O#+# #.# #.@..# #.#
#.#### #.# #.# #.#
#######.#### #.#
#..........# #.# #
#.###.###..### ##.## ####
#.#......###...###...
#.#.#..............##
#.###.#.#.##.###...######


You could see a two-headed ogre (combustible) and an ice devil (combustible).

Vanquished Creatures
  2 hydras (D:11)
  2 two-headed ogres (D:11)
  Pikel (D:7)
  An unseen horror (D:11)
  Maggie (D:8)
  2 trolls (D:9)
  Prince Ribbit (D:6)
  Sigmund (D:2)
  2 shadows
  A vampire (D:9)
  9 yaks
  A basilisk (D:9)
  4 wyverns
  A steam dragon (D:8)
  3 acid dragons
  5 water moccasins
  3 ice beasts
  A sky beast (D:6)
  A black bear (D:9)
  6 orc warriors
  9 ogres
  3 wolves (D:9)
  2 centaurs
  A phantom (D:7)
  2 lemures (D:7)
  2 kobold brigands
  6 gnoll sergeants
  2 bullfrogs (D:8)
  A wyvern zombie (D:6)
  A water moccasin skeleton (D:5)
  A water moccasin zombie (D:6)
  11 killer bees
  2 howler monkeys
  6 centaur zombies
  2 jellies
  5 hounds
  8 orc priests
  Jessica (D:3)
  A gnoll shaman (D:5)
  An iguana (D:7)
  Natasha (thrice) (D:4)
  16 orc wizards
  A hound zombie (D:5)
  8 mummies (Ossuary)
  A howler monkey zombie (D:10)
  An adder (D:2)
  A howler monkey skeleton (D:7)
  11 gnolls
  2 shadow imps
  A white imp (D:7)
  An adder skeleton (D:4)
  A worm (D:2)
  2 dart slugs
  33 orcs
  4 endoplasms
  A giant cockroach (D:4)
  2 gnoll zombies (Ossuary)
  8 goblins
  6 hobgoblins
  6 quokkas
  10 ball pythons
  6 bats
  2 frilled lizards
  3 hobgoblin zombies (Ossuary)
  12 kobolds
  2 kobold zombies (Ossuary)
  An orc zombie (Ossuary)
  4 rats
264 creatures vanquished.

Vanquished Creatures (collateral kills)
  7 foxfires
7 creatures vanquished.

Vanquished Creatures (others)
  2 orc wizards
  2 bushes (D:9)
  382 foxfires
  2 fungi (D:9)
  67 plants
455 creatures vanquished.

Grand Total: 726 creatures vanquished

Notes
Turn   | Place    | Note
-------+----------+-------------------------------------------
     0 | D:1      | hawla the Felid Fire Elementalist began the quest for the
                  | Orb.
     0 | D:1      | Reached XP level 1. HP: 7/7 MP: 4/4
   151 | D:1      | Reached skill level 3 in Fire Magic
   151 | D:1      | Reached XP level 2. HP: 7/11 MP: 6/6
   154 | D:1      | Learned a level 2 spell: Scorch
   278 | D:1      | Found a faded altar of an unknown god.
   853 | D:2      | Found Xealuni's Antique Armour Shop.
  1052 | D:2      | Noticed Sigmund
  1059 | D:2      | Killed Sigmund
  1060 | D:2      | Reached skill level 1 in Unarmed Combat
  1060 | D:2      | Reached skill level 1 in Conjurations
  1060 | D:2      | Reached XP level 3. HP: 14/14 MP: 0/8
  1060 | D:2      | Reached XP level 4. HP: 18/18 MP: 0/9
  1060 | D:2      | Reached XP level 5. HP: 21/21 MP: 0/10
  1261 | D:2      | Learned a level 4 spell: Flame Wave
  1379 | D:2      | Reached skill level 4 in Fire Magic
  1796 | D:3      | Found Meupn's General Store.
  1883 | D:3      | Found an opulent altar of Gozag.
  1994 | D:3      | Found a shadowy altar of Dithmenos.
  2100 | D:3      | Noticed Jessica
  2107 | D:3      | Killed Jessica
  2669 | D:4      | Gained mutation: You are covered in thick fur. (AC +2)
                  | [Felid growth]
  2669 | D:4      | Reached XP level 6. HP: 24/24 MP: 8/11
  2716 | D:4      | Noticed Natasha
  2723 | D:4      | Killed Natasha
  2772 | D:4      | Noticed Natasha
  2774 | D:4      | Killed Natasha
  2912 | D:4      | Reached skill level 5 in Fire Magic
  3582 | D:4      | Found a staircase to the Ecumenical Temple.
  3705 | Temple   | Entered the Ecumenical Temple
  4031 | Temple   | Became a worshipper of Vehumet
  4088 | D:5      | Entered Level 5 of the Dungeon
  4153 | D:5      | Reached XP level 7. HP: 28/28 MP: 8/12
  4227 | D:5      | Reached skill level 6 in Fire Magic
  4496 | D:4      | Noticed Natasha
  4505 | D:4      | Killed Natasha
  4965 | D:5      | Reached XP level 8. HP: 26/31 MP: 8/13
  5022 | D:5      | Reached skill level 7 in Fire Magic
  5102 | D:5      | Reached skill level 1 in Fighting
  5306 | D:5      | Found a bloodstained altar of Trog.
  5451 | D:5      | Found a burning altar of Makhleb.
  6022 | D:6      | Noticed Prince Ribbit
  6039 | D:6      | Killed Prince Ribbit
  6102 | D:6      | Found a sand-covered staircase.
  6117 | Ossuary  | Entered an ossuary
  6140 | Ossuary  | Reached * piety under Vehumet
  6140 | Ossuary  | Offered knowledge of Freeze by Vehumet.
  6908 | D:6      | Reached XP level 9. HP: 6/37 MP: 1/17
  7170 | D:6      | Reached skill level 5 in Spellcasting
  7239 | D:6      | Found an ornate altar of the Wu Jian Council.
  7246 | D:6      | Reached skill level 8 in Fire Magic
  7461 | D:7      | Gained mutation: You are dopey. (Int -2) [potion of
                  | mutation]
  7461 | D:7      | Gained mutation: Your spells are a little harder to cast,
                  | but a little more powerful. [potion of mutation]
  7461 | D:7      | Lost mutation: You are dopey. (Int -2) [potion of mutation]
  7530 | D:7      | Noticed Pikel
  7537 | D:7      | Slain by Pikel
  7538 | D:7      | Reached XP level 8. HP: -1/34 MP: 10/17
  7591 | D:7      | Killed Pikel
  7777 | D:7      | Identified the +5 hunting sling of Understanding {venom,
                  | Str+4}
  7791 | D:7      | Reached skill level 5 in Dodging
  7850 | D:7      | Reached ** piety under Vehumet
  7850 | D:7      | Offered knowledge of Magic Dart by Vehumet.
  7976 | D:7      | Reached XP level 9. HP: 38/39 MP: 16/19
  8414 | D:8      | Noticed Maggie
  8422 | D:8      | Killed Maggie
  8641 | D:8      | Got the Grimoire of Cloudy Translocation
  8788 | D:8      | Reached skill level 9 in Fire Magic
  8951 | D:9      | Identified a scroll of acquirement
  8956 | D:9      | Acquired 1087 gold pieces
  9077 | D:9      | Offered knowledge of Ignite Poison by Vehumet.
  9140 | D:9      | Noticed a troll
  9146 | D:9      | Killed a troll
  9147 | D:9      | Reached skill level 5 in Fighting
  9181 | D:9      | Reached *** piety under Vehumet
  9496 | D:9      | Reached XP level 10. HP: 39/44 MP: 15/22
  9680 | D:9      | Found a glowing golden altar of the Shining One.
  9828 | D:9      | Offered knowledge of Iskenderun's Mystic Blast by Vehumet.
  9947 | D:9      | Learned a level 4 spell: Iskenderun's Mystic Blast
  9975 | D:9      | Found a staircase to the Lair.
 10048 | D:9      | Found a staircase to the Orcish Mines.
 10052 | D:9      | Slain by an ogre
 10053 | D:9      | Reached XP level 9. HP: -4/41 MP: 13/22
 10240 | D:9      | Reached skill level 10 in Fire Magic
 10405 | D:9      | Killed a troll
 10593 | D:9      | Reached **** piety under Vehumet
 10594 | D:9      | Reached XP level 10. HP: 23/45 MP: 2/23
 11121 | D:10     | Entered Level 10 of the Dungeon
 11270 | D:10     | Reached skill level 5 in Conjurations
 11363 | D:10     | Offered knowledge of Fulminant Prism by Vehumet.
 12218 | D:10     | Found a glowing silver altar of Zin.
 12251 | D:10     | Found a stormy altar of Qazlal.
 12251 | D:10     | Found a hazy altar of Hepliaklqana.
 12348 | D:11     | Found a glowing golden altar of the Shining One.
 12394 | D:11     | Noticed an eight-headed hydra
 12403 | D:11     | Killed an eight-headed hydra
 12746 | D:11     | Found a runed translucent door.
 12750 | D:11     | Found a shimmering altar of Xom.
 12750 | D:11     | Noticed enile's ghost (journeyman KoBr)
 12750 | D:11     | Noticed a +0 dire flail of chaos
 12767 | D:11     | Noticed a two-headed ogre
 12776 | D:11     | Killed a two-headed ogre
 12879 | D:11     | Noticed a two-headed ogre
 12895 | D:11     | Killed a two-headed ogre
 12896 | D:11     | Reached XP level 11. HP: 25/50 MP: 20/25
 13111 | D:11     | Noticed a five-headed hydra
 13125 | D:11     | Killed a five-headed hydra
 13126 | D:11     | Reached skill level 1 in Translocations
 13863 | D:12     | Noticed an eight-headed hydra
 13869 | D:12     | Slain by an eight-headed hydra
 13870 | D:12     | Reached XP level 10. HP: -1/47 MP: 16/24
 14214 | D:12     | Noticed a two-headed ogre
 14221 | D:12     | Mangled by a two-headed ogre

Illustrated notes

Levels and vault maps discovered:
D:1:      sevenhm_arrival_forest_fort_small_6, layout_rooms,
          shapermc_ecumenical_altar_venn
D:2:      layout_loops_cross, serial_shops, nicolae_square_shop,
          serial_bayou_pond_d, uniq_sigmund
D:3:      layout_basic, nicolae_gozag_cash_rules_everything_around_me,
          nicolae_dithmenos_the_darkroom, serial_shops, shop, uniq_jessica
D:4:      layout_basic, minmay_temple_entry_enclosed_plants, serial_bayou,
          serial_bayou_shore_a, serial_bayou_lake_a, serial_bayou_lagoon_a,
          serial_bayou_crossing, uniq_natasha
D:5:      layout_basic, lemuel_round_altar, mainiacjoe_overflow_alcove_4,
          kennysheep_generic_room_11
D:6:      layout_basic, nicolae_wu_jian_wuxing_cycle, enter_ossuary_1,
          uniq_prince_ribbit1
D:7:      layout_rooms, uniq_pikel
D:8:      layout_cave_pools, uniq_maggie
D:9:      layout_roguey, mainiacjoe_overflow_tiny_flanked,
          minmay_lair_entry_grove, kennysheep_orc_monster_closet_entryway
D:10:     layout_gridville, gammafunk_temple_overflow_statue, zin_academy,
          amcnicky_mini_pool_small
D:11:     layout_basic, ebering_ghost_xom, tso_metal_star
D:12:     layout_loops_corners, portal_ice_cave_demonic_guard, uniq_snorg
Temple:   oiseaux_autumnal_temple

Skill      XL: |  1  2  3  4  5  6  7  8  9 10 11 |
---------------+----------------------------------+-----
Fire Magic     | 3 4 5 6 7 10 | 10.9
Stealth        | 4 |  4.5
Dodging        | 3 4 5 6 |  6.6
Unarmed Combat | 1 |  1.8
Spellcasting   | 3 6 7 9 |  9.6
Conjurations   | 1 2 3 4 5 |  5.6
Fighting       | 4 6 7 |  7.3
Translocations | 1 |  1.3

Action                   |  1- 3 |  4- 6 |  7- 9 | 10-12 || total
-------------------------+-------+-------+-------+-------++-------
Melee: Unarmed           |    12 |    64 |    58 |       ||   134
       Bite              |       |     4 |    16 |       ||    20
       Punch             |       |       |     1 |       ||     1
 Cast: Foxfire           |    13 |    38 |   115 |    53 ||   219
       Scorch            |     9 |    28 |    99 |    58 ||   194
       Flame Wave        |       |       |    21 |    19 ||    40
       Iskenderun's Myst |       |       |     3 |    19 ||    22
  Use: Scroll            |     2 |     6 |    15 |     3 ||    26
       Potion            |       |       |     7 |     2 ||     9
 Stab: Sleeping          |     7 |    13 |     2 |       ||    22
       Distracted        |       |     1 |       |       ||     1
       Invisible         |       |       |     2 |       ||     2
Armor: Skin              |     1 |       |     7 |     4 ||    12
Dodge: Dodged            |     7 |    68 |   129 |    82 ||   286
Block: Other             |       |       |    33 |     5 ||    38
